 Dungeon Crawl Stone Soup version 0.28.0 (webtiles) character file.

Game seed: 4105766557248430872

51 dolemite99 the Poker (level 3, -8/29 HPs)
             Began as a Merfolk Fighter on Feb 5, 2022.
             Was an Initiate of Yredelemnul.
             Mangled by Grinder (9 damage)
             ... on level 3 of the Dungeon.
             The game lasted 00:02:03 (2003 turns).

dolemite99 the Poker (Merfolk Fighter)              Turns: 2003, Time: 00:02:04

Health: -8/29      AC:  9    Str: 16    XL:     3   Next: 83%
Magic:  3/3        EV:  6    Int:  7    God:    Yredelemnul [......]
Gold:   44         SH:  5    Dex: 15    Spells: 2/2 levels left

rFire   + . .      SeeInvis .   a - +0 trident
rCold   + . .      Faith    .   c - +0 buckler
rNeg    . . .      Spirit   .   o - +0 chain mail
rPois   +          Reflect  .   (no helmet)
rElec   +          Harm     .   (no cloak)
rCorr   +          Rampage  .   (no gloves)
Will    .....                   l - +0 pair of boots
Stlth   ..........              (no amulet)
HPRegen 0.09/turn               (no ring)
MPRegen 0.08/turn               (no ring)

@: mighty, brilliant, resistant
A: (nimble swimmer 2), mertail
a: Renounce Religion, Recall Undead Harvest


You were on level 3 of the Dungeon.
You worshipped Yredelemnul.
Yredelemnul was noncommittal.
You visited 1 branch of the dungeon, and saw 3 of its levels.

You collected 44 gold pieces.

Inventory:

Hand Weapons
 a - a +0 trident (weapon)
Missiles
 f - 65 stones (quivered)
 m - 50 sling bullets
 p - 4 datura-tipped darts
Armour
 b - a +0 scale mail
 c - a +0 buckler (worn)
 l - a +0 pair of boots (worn)
 o - a +0 chain mail (worn)
Jewellery
 r - a ring of fire
Scrolls
 h - a scroll of summoning {unknown}
 i - a scroll of blinking {unknown}
 n - 2 scrolls of teleportation {unknown}
Potions
 g - a potion of heal wounds {unknown}
 j - a potion of cancellation {unknown}
 q - a potion of haste {unknown}


   Skills:
 - Level 3.2 Fighting
 + Level 5.9 Polearms
 - Level 2.1 Armour
 - Level 3.0 Shields


You had 2 spell levels left.
You didn't know any spells.
Your spell library contained the following spells:

 Spells                   Type           Power      Damage    Failure   Level
 Dazzling Flash           Conj/Hex       0%         N/A       100%        3
 Agony                    Necr           0%         N/A       100%        5
 Silence                  Hex/Air        0%         N/A       100%        5


Dungeon Overview and Level Annotations

Branches:
Dungeon (3/15)

Altars:
Yredelemnul

Shops:
D:2 (

Annotations:
D:3 Grinder


Innate Abilities, Weirdness & Mutations

((You are very nimble when in or above water. (Stealth+, EV+, Speed+++)))
Your lower body shifts to a powerful aquatic tail in water.


Message History

You reach to attack!
You puncture Grinder!
Grinder is moderately wounded.
Grinder blinks!
Grinder gestures at you.
You barely resist. You throw a stone. The stone barely misses Grinder.
You reach to attack!
You closely miss Grinder.
Grinder is moderately wounded.
You hit Grinder.
Grinder is moderately wounded.
Grinder gestures at you. Pain shoots through your body!
You closely miss Grinder.
Grinder is moderately wounded.
Grinder gestures at you.
You suddenly lose the ability to move!
Grinder hits you! Grinder hits you. Grinder hits you!
Grinder hits you but does no damage. Grinder hits you but does no damage.
Grinder hits you.
You writhe in agony.
* * * LOW HITPOINT WARNING * * *
You can move again.
You hit Grinder.
Grinder is moderately wounded.
Grinder barely misses you.
You hit Grinder.
Grinder is heavily wounded.
Grinder gestures at you. Pain shoots through your body!
* * * LOW HITPOINT WARNING * * *
It was a potion of brilliance.
You feel clever all of a sudden. Grinder hits you but does no damage.
It was a potion of resistance.
You feel protected. Grinder hits you!
You die...
Your body rises from the dead as a mindless zombie.

.........#.#
.........#.#
..........#.#
..###+#...#.#
......#.....#
#.....#.#..<#
........########
#..............+
....#..5@.######
#..#......#
..#.......+
#.........#
.#.....#..#
.#....#..#
..#...#..#
...#..#..#


You could see Grinder.

Vanquished Creatures
  2 adders (D:2)
  A worm (D:2)
  A dart slug (D:1)
  2 bats (D:1)
  2 endoplasms
  2 giant cockroaches
  A goblin (D:1)
  5 hobgoblins
  4 kobolds
  2 quokkas
  2 ball pythons (D:2)
  2 frilled lizards (D:1)
  2 rats
28 creatures vanquished.

Notes
Turn   | Place    | Note
-------+----------+-------------------------------------------
     0 | D:1      | dolemite99 the Merfolk Fighter began the quest for the Orb.
     0 | D:1      | Reached XP level 1. HP: 18/18 MP: 1/1
   234 | D:1      | Reached skill level 4 in Polearms
   234 | D:1      | Reached XP level 2. HP: 19/24 MP: 2/2
   860 | D:1      | Found a faded altar of an unknown god.
   927 | D:1      | Prayed at the altar of an unknown god.
   927 | D:1      | Became a worshipper of Yredelemnul the Dark
   927 | D:1      | Reached * piety under Yredelemnul
  1167 | D:2      | Reached skill level 5 in Polearms
  1167 | D:2      | Reached XP level 3. HP: 29/29 MP: 3/3
  1385 | D:2      | Found Ugrirch's Weapon Boutique.
  1985 | D:3      | Noticed Grinder
  1993 | D:3      | Paralysed by Grinder for 7 turns
  2001 | D:3      | HP: 1/29 [Grinder/nerve-wracking pain (6)]
  2003 | D:3      | Mangled by Grinder

Illustrated notes

Levels and vault maps discovered:
D:1:      elethiomel_arrival_infinity_welcomes_careful_drivers, layout_basic,
          basic_ecumenical_altar
D:2:      layout_loops_corners, serial_shops, shop
D:3:      layout_basic, biasface_ghost_orc_armoury, chequers_decorated_corner,
          hangedman_decor_opposing, uniq_grinder

Skill      XL: |  1  2 |
---------------+-------+-----
Polearms       | 4 5 |  5.9
Fighting       | |  3.2
Armour         | |  2.1
Shields        | |  3.0

Action                   || total
-------------------------++-------
Melee: Trident           ||    76
Throw: Stone             ||    24
  Use: Potion            ||     3
Armor: Scale mail        ||    17
       Chain mail        ||     8
Dodge: Dodged            ||    16
Block: Buckler           ||     8
